 Dungeon Crawl Stone Soup version 0.22-b1-21-g5cfc168 (webtiles) character file.

7862 tyranidshit the Fighter (level 11, -9/92 HPs)
             Began as a Demonspawn Abyssal Knight on Aug 4, 2018.
             Was a Priest of Lugonu.
             Mangled by a shadow (27 damage)
             ... on level 11 of the Dungeon.
             The game lasted 00:30:12 (8416 turns).

tyranidshit the Fighter (Demonspawn Abyssal Knight) Turns: 8416, Time: 00:30:13

Health: -9/92      AC: 13    Str: 16    XL:     11   Next: 2%
Magic:  16/26      EV:  5    Int: 13    God:    Lugonu [***...]
Gold:   574        SH:  0    Dex: 13    Spells: 10/10 levels left

rFire    . . .     SeeInvis .   y - +6 battleaxe
rCold    + . .     Gourm    .   (shield currently unavailable)
rNeg     . . .     Faith    .   k - +0 plate armour
rPois    .         Spirit   .   (helmet restricted)
rElec    .         Reflect  .   t - +0 cloak
rCorr    .         Harm     .   (no gloves)
MR       .....                  (no boots)
Stlth    ..........             q - amulet of regeneration
HPRegen  0.65/turn              d - ring of protection from cold
MPRegen  0.20/turn              i - ring of magical power

@: about to teleport, drained
A: antennae 1, claws 1, hooves 2, demonic guardian 1
a: Depart the Abyss, Bend Space, Banish, Renounce Religion


You were on level 11 of the Dungeon.
You worshipped Lugonu.
Lugonu was most pleased with you.
You were not hungry.

You visited 2 branches of the dungeon, and saw 12 of its levels.
You visited the Abyss 2 times.

You collected 574 gold pieces.

Inventory:

Hand Weapons
 y - a +6 battleaxe (weapon)
Armour
 k - a +0 plate armour (worn)
 t - a +0 cloak (worn)
 v - a +2 shield
 z - the +1 scale mail of Recklessness {rC+ rN+ rCorr}
   (You found it on level 8 of the Dungeon)

   It protects you from cold.
   It protects you from negative energy.
   It provides partial protection from all sources of acid and corrosion.
Jewellery
 d - a ring of protection from cold (left claw)
 i - a ring of magical power (right claw)
 m - an uncursed amulet of harm
 n - an uncursed amulet of the gourmand
 q - an amulet of regeneration (around neck)
Wands
 g - a wand of flame (16)
 l - a wand of polymorph (23)
 o - a wand of random effects (57)
 r - a wand of digging (34)
 u - a wand of disintegration (6)
Scrolls
 e - 3 scrolls of remove curse
 h - 5 scrolls of identify
 j - a scroll of teleportation
 x - 3 scrolls of amnesia
Potions
 a - a potion of berserk rage
 f - 2 potions of magic
 p - a potion of haste
 s - a potion of might
 w - 2 potions of curing
Comestibles
 c - 16 rations


   Skills:
 + Level 10.5(9.4) Fighting
 - Level 7.0(5.9) Axes
 - Level 5.4(4.4) Armour
 - Level 0.8(0.0) Dodging
 - Level 2.9(1.9) Shields
 - Level 9.1(7.9) Invocations
 - Level 6.5(5.5) Evocations


You had 10 spell levels left.
You didn't know any spells.
Your spell library contained the following spells:

 Spells                   Type           Power        Failure   Level  Hunger
 Magic Dart               Conj           #...         100%        1    ##.....
 Conjure Flame            Conj/Fire      #.......     100%        3    ####...
 Slow                     Hex            #.......     100%        2    ###....
 Mephitic Cloud           Conj/Pois/Air  #.......     100%        3    ####...
 Blink                    Tloc           N/A          100%        2    ###....
 Call Imp                 Summ           #.......     100%        2    ###....


Dungeon Overview and Level Annotations

Branches:
Dungeon (11/15)            Temple (1/1) D:4            Lair (0/6) D:10
    Orc: D:9-12

Altars:
Ashenzari
Cheibriados
Dithmenos
Elyvilon
Fedhas
Gozag
Hepliaklqana
Kikubaaqudgha
Makhleb
Nemelex Xobeh
Okawaru
Qazlal
Ru
Sif Muna
Trog
Uskayaw
Vehumet
Wu Jian
Xom
Yredelemnul
Zin
The Shining One

Portals:
Bailey: D:11


Innate Abilities, Weirdness & Mutations

You have a pair of small antennae on your head.
You have sharp fingernails.
You have hoof-like feet.
A weak demonic guardian rushes to your aid.


Message History

The small abomination hits you but does no damage. x2
The starspawn tentacle grabs you.
* * * LOW HITPOINT WARNING * * *
The starspawn tentacle constricts you.
Okay, then.
You pass through the gate.
Welcome back to the Dungeon!
You hear the roar of battle.
There is an entrance to a bailey on this level.
Hurry and find it before the portal closes forever!
The wight hits you but does no damage.
The shadow slips into darkness.
The shadow flickers and vanishes!
Deactivating autopickup; reactivate with Ctrl-A.
The centaur wields an uncursed shortbow.
The centaur shoots an arrow.
The arrow hits you but does no damage.
There is a stone staircase leading up, spattered with blood here.
You see here 7 arrows.
The wight hits you but does no damage.
The shadow strikes at you from the darkness!
You die...

#######
##....$#
#......#
#..)...#
#.)∩)..#####
#..)........
#.$.........
#..(@..c....
##.{z[$.....
#...(z.....
#..........
##########.


You could see a centaur and 2 wights.

Vanquished Creatures
  A two-headed ogre (D:10)
  A gargoyle (D:10)
  A hornet (D:10)
  2 hippogriffs
  4 yaks
  A hungry ghost (D:4)
  Eustachio (D:4)
  Grum (D:9)
  3 sky beasts
  3 ice beasts
  4 ogres
  3 wolves (D:9)
  3 centaurs
  6 big kobolds
  7 bullfrogs
  A wyvern zombie (D:10)
  A scorpion (D:9)
  8 wights
  6 howler monkeys
  4 crimson imps
  A quasit (D:8)
  6 hounds
  3 jellies
  A bullfrog skeleton (D:9)
  A centaur skeleton (D:8)
  2 orc priests (D:8)
  Crazy Yiuf (D:6)
  4 orc wizards
  2 iguanas
  7 worker ants
  2 hound skeletons
  2 worker ant zombies
  9 adders
  2 oozes (D:1)
  3 worms
  An adder zombie (D:6)
  3 dart slugs (D:1)
  12 leopard geckos
  21 orcs
  4 giant cockroaches
  8 goblins
  10 hobgoblins
  10 jackals
  6 quokkas
  4 ball pythons
  3 bats
  2 frilled lizards
  14 kobolds
  10 rats
215 creatures vanquished.

Vanquished Creatures (collateral kills)
  Grinder (D:4)
  2 yaks (D:9)
  A steam dragon (D:9)
  3 orc warriors
  3 black bears
  A phantom (D:4)
  2 ice beasts (D:5)
  2 ogres (D:7)
  A centaur (D:11)
  2 big kobolds (D:9)
  2 wights (D:8)
  A crimson imp (D:5)
  An orc priest (D:8)
  An orc wizard (D:3)
  An iguana (D:6)
  2 worker ants
  An adder (D:7)
  A shadow imp (D:7)
  2 orcs
  3 kobolds
33 creatures vanquished.

Vanquished Creatures (others)
  A tengu warrior (D:7)
  2 starspawn tentacles (Abyss:1)
3 creatures vanquished.

Grand Total: 251 creatures vanquished

Notes
Turn   | Place    | Note
-------+----------+-------------------------------------------
     0 | Abyss:1  | tyranidshit the Demonspawn Abyssal Knight began the quest for the Orb.
     0 | Abyss:1  | Reached XP level 1. HP: 18/18 MP: 2/2
    71 | D:1      | Escaped the Abyss
   103 | D:1      | Reached * piety under Lugonu
   170 | D:1      | Gained mutation: A weak demonic guardian rushes to your aid. [demonic ancestry]
   170 | D:1      | Reached XP level 2. HP: 17/24 MP: 3/3
   271 | D:1      | Reached skill level 4 in Fighting
   484 | D:1      | Reached XP level 3. HP: 22/30 MP: 4/4
  1078 | D:1      | Gained mutation: You have a pair of small antennae on your head. [demonic ancestry]
  1078 | D:1      | Reached XP level 4. HP: 13/38 MP: 5/5
  1265 | D:2      | Reached skill level 5 in Fighting
  1391 | D:2      | Reached ** piety under Lugonu
  1466 | D:2      | Found a burning altar of Makhleb.
  2090 | D:3      | Found a glowing golden altar of the Shining One.
  2129 | D:3      | Reached XP level 5. HP: 13/46 MP: 6/6
  2298 | D:3      | Found a blossoming altar of Fedhas.
  2478 | D:3      | Reached skill level 6 in Fighting
  2905 | D:4      | Noticed Grinder
  2949 | D:4      | Killed Grinder
  2949 | D:4      | Gained mutation: You have large cloven feet. [demonic ancestry]
  2949 | D:4      | Reached XP level 6. HP: 32/52 MP: 7/7
  2981 | D:4      | Noticed a hungry ghost
  2982 | D:4      | Noticed Eustachio
  3042 | D:4      | Killed a hungry ghost
  3118 | D:4      | Killed Eustachio
  3248 | D:4      | Reached skill level 5 in Armour
  3248 | D:4      | Gained mutation: You have sharp fingernails. [demonic ancestry]
  3248 | D:4      | Reached XP level 7. HP: 33/58 MP: 8/8
  3334 | D:4      | Found an ancient bone altar of Kikubaaqudgha.
  3341 | D:4      | Found an ornate altar of the Wu Jian Council.
  3678 | D:4      | Found a staircase to the Ecumenical Temple.
  3690 | Temple   | Entered the Ecumenical Temple
  3947 | D:5      | Entered Level 5 of the Dungeon
  3979 | D:5      | Reached skill level 1 in Evocations
  4274 | D:5      | Reached skill level 5 in Invocations
  4333 | D:5      | Gained mutation: You have hoof-like feet. [demonic ancestry]
  4333 | D:5      | Reached XP level 8. HP: 23/64 MP: 12/12
  4656 | D:6      | Reached *** piety under Lugonu
  4905 | D:6      | Found a stormy altar of Qazlal.
  4974 | D:6      | Noticed a hippogriff
  4978 | D:6      | Killed a hippogriff
  4978 | D:6      | Reached skill level 5 in Evocations
  5176 | D:6      | Found a shadowy altar of Dithmenos.
  5378 | D:6      | Found a runed door.
  5474 | D:6      | Noticed Crazy Yiuf
  5484 | D:6      | Killed Crazy Yiuf
  5598 | D:7      | Reached XP level 9. HP: 60/69 MP: 15/15
  5869 | D:7      | Reached skill level 1 in Shields
  5931 | D:7      | Reached **** piety under Lugonu
  6282 | D:8      | Found a glowing silver altar of Zin.
  6324 | D:8      | Noticed a tengu warrior
  6363 | D:7      | Banished a tengu warrior
  6479 | D:8      | Reached skill level 7 in Fighting
  6642 | D:8      | Reached skill level 5 in Axes
  6678 | D:8      | Got a twisted scale mail
  6679 | D:8      | Identified the +1 scale mail of Recklessness {rC+ rN+ rCorr} (You found it on level 8 of the Dungeon)
  6685 | D:8      | Found a deep blue altar of Sif Muna.
  6850 | D:9      | Reached XP level 10. HP: 69/79 MP: 16/16
  7012 | D:9      | Reached skill level 8 in Fighting
  7199 | D:9      | Found a white marble altar of Elyvilon.
  7236 | D:9      | Found a glowing golden altar of the Shining One.
  7251 | D:9      | Noticed Grum
  7284 | D:9      | Killed Grum
  7597 | D:9      | Reached ***** piety under Lugonu
  7736 | D:10     | Entered Level 10 of the Dungeon
  7785 | D:10     | Reached skill level 9 in Fighting
  7870 | D:10     | Noticed a two-headed ogre
  7904 | D:10     | Killed a two-headed ogre
  7904 | D:10     | Reached skill level 10 in Fighting
  7932 | D:10     | Found a staircase to the Lair.
  8018 | D:10     | Noticed a gargoyle
  8026 | D:10     | Killed a gargoyle
  8376 | D:11     | Found a flagged portal.
  8382 | D:11     | Reached XP level 11. HP: 49/92 MP: 17/17
  8385 | D:11     | HP: 3/92 [wight/spear (3)]
  8385 | D:11     | HP: 1/92 [something (1)]
  8392 | Abyss:1  | Noticed a tentacled starspawn
  8415 | D:11     | Escaped the Abyss
  8416 | D:11     | Mangled by a shadow

Skill      XL: |  1  2  3  4  5  6  7  8  9 10 |
---------------+-------------------------------+-----
Fighting       | 4 5 6 7 10 | 10.5
Armour         | 3 5 |  5.4
Invocations    | 5 8 9 |  9.1
Evocations     | 3 6 |  6.5
Axes           | 5 7 |  7.0
Shields        | 2 |  2.9
Dodging        | |  0.8

Action                   |  1- 3 |  4- 6 |  7- 9 | 10-12 || total
-------------------------+-------+-------+-------+-------++-------
Melee: Hand axe          |   120 |   175 |   299 |       ||   594
       Kick              |       |    11 |   111 |    38 ||   160
       Quarterstaff      |       |       |    79 |       ||    79
       Battleaxe         |       |       |    50 |   168 ||   218
Invok: Depart the Abyss  |     1 |       |       |     1 ||     2
       Banish            |       |       |     1 |       ||     1
       Enter the Abyss   |       |       |       |     1 ||     1
Evoke: Wand              |       |       |    11 |     8 ||    19
  Use: Scroll            |     3 |     3 |     9 |     5 ||    20
       Potion            |     2 |     6 |     4 |     2 ||    14
 Stab: Sleeping          |     2 |       |       |       ||     2
       Invisible         |     1 |       |       |       ||     1
       Distracted        |       |       |     3 |     1 ||     4
       Petrifying        |       |       |     1 |       ||     1
  Eat: Ration            |     1 |     3 |     4 |     1 ||     9
Armor: Leather armour    |    24 |    17 |       |       ||    41
       Chain mail        |       |    77 |    90 |       ||   167
       Ring mail         |       |     4 |       |       ||     4
       Plate armour      |       |       |   285 |   188 ||   473
Dodge: Dodged            |    91 |    73 |   117 |    80 ||   361
Block: Shield            |       |       |    59 |       ||    59
